 Dungeon Crawl Stone Soup version 0.22-a0-367-gb72a975 (webtiles) character file.

141 Firecrotchwizard the Cudgeler (level 5, -1/32 HPs)
             Began as a Gargoyle Gladiator on Apr 22, 2018.
             Killed from afar by Snikeer's ghost (5 damage)
             ... with a magic dart
             ... on level 3 of the Dungeon.
             The game lasted 00:03:35 (2186 turns).

Firecrotchwizard the Cudgeler (Gargoyle Gladiator)  Turns: 2186, Time: 00:03:36

Health: -1/32      AC: 12    Str: 17    XL:     5   Next: 24%
Magic:  5/5        EV: 10    Int:  9    God:
Gold:   68         SH:  0    Dex: 12    Spells: 4/4 levels left

rFire    + . .     SeeInvis .   a - +0 flail
rCold    . . .     Gourm    .   (no shield)
rNeg     + . .     Faith    .   g - +0 scale mail
rPois    ∞         Spirit   .   c - +0 helmet
rElec    +         Reflect  .   (no cloak)
rCorr    .         Harm     .   (no gloves)
MR       .....                  l - +0 pair of boots
Stlth    ..........             (no amulet)
HPRegen  0.10/turn              e - ring of protection from fire {rF+, !d}
MPRegen  0.09/turn              y - ring of wizardry {Wiz+, !d}

@: no status effects
A: negative energy resistance 1, electricity resistance, unbreathing,
petrification resistance, rot immunity, AC +4
a: no special abilities


You were on level 3 of the Dungeon.
You were not hungry.

You visited 1 branch of the dungeon, and saw 3 of its levels.

You collected 68 gold pieces.

Inventory:

Hand Weapons
 a - a +0 flail (weapon)
Missiles
 d - 3 throwing nets {=f, !d}
Armour
 b - a +0 leather armour
 c - a +0 helmet (worn)
 g - a +0 scale mail (worn)
   (You took it off Terence on level 2 of the Dungeon)
 l - a +0 pair of boots (worn)
   (You found it on level 1 of the Dungeon)
 w - a +0 chain mail
   (You took it off an orc on level 3 of the Dungeon)
Jewellery
 e - a ring of protection from fire (left hand) {rF+, !d}
   (You found it on level 1 of the Dungeon)
 y - a ring of wizardry (right hand) {Wiz+, !d}
   (You found it on level 3 of the Dungeon)
Scrolls
 h - a scroll of enchant armour {unknown}
 n - 5 scrolls of identify {unknown}
 o - 4 scrolls of remove curse {unknown}
 p - a scroll of random uselessness {unknown}
 q - a scroll of amnesia {unknown}
 r - a scroll of fear {unknown}
 z - a scroll of magic mapping {unknown}
Potions
 i - 2 potions of cancellation {unknown}
 j - 2 potions of curing {unknown}
 k - 2 potions of haste {unknown}
 m - a potion of degeneration {unknown}
 s - a potion of ambrosia {unknown}
 t - a potion of invisibility {unknown}
 u - a potion of lignification {unknown}
 v - a potion of magic {unknown}
 A - a potion of heal wounds {unknown}
Comestibles
 f - 2 rations {@e1}
 x - 14 chunks of flesh {@w0}


   Skills:
 + Level 3.4 Fighting
 * Level 4.6 Maces & Flails
 - Level 1.7 Throwing
 + Level 2.3 Armour
 - Level 2.4 Dodging


You had 4 spell levels left.
You didn't know any spells.

Dungeon Overview and Level Annotations

Branches:
Dungeon (3/15)

Altars:

Annotations:
D:2 Sigmund
D:3 Snikeer's ghost, amateur DgWz


Innate Abilities, Weirdness & Mutations

You are resistant to torment.
Your stone body is resilient. (AC +4)
You are immune to poison.
You resist negative energy. (rN+)
You are resistant to electric shocks. (rElec)
You can survive without breathing.
You are immune to petrification.
You are immune to rotting.


Message History

You hit the orc. The orc hits you but does no damage.
You closely miss the orc. The orc hits you but does no damage.
You closely miss the orc. The orc hits you but does no damage.
You sock the orc!
You kill the orc!
You sock the orc!
You kill the orc!
You closely miss the orc. The orc closely misses you.
You sock the orc!
You kill the orc!
You hit the orc. The orc barely misses you.
You closely miss the orc. The orc barely misses you.
You hit the orc.
You kill the orc!
Some of the chunks of flesh in your inventory have rotted away.
No target in view!
No target in view!
Items here: ))))) [[ †††† You butcher the orc corpse.
x - 11 chunks of flesh {@w0} (gained 4)
You butcher the orc corpse.
x - 14 chunks of flesh {@w0} (gained 3)
You butcher the orc corpse.
x - 17 chunks of flesh {@w0} (gained 3)
You butcher the orc corpse.
x - 21 chunks of flesh {@w0} (gained 4)
Items here: ))))) [[ x2
Items here: ))))) [[ Some of the chunks of flesh in your inventory have rotted away.
You open the door.
There is an open door here.
A - a fizzy inky potion You see here 25 stones.
You see here 25 stones.
Found a stone staircase leading up.
Snikeer's ghost (amateur Demigod Wizard) comes into view.
Here: Snikeer's ghost (hasn't noticed you)
The floor.
Snikeer's ghost turns its malevolent gaze towards you.
Snikeer's ghost points at you and mumbles some strange words.
The magic dart hits you!
Snikeer's ghost screams, "They lied to you.
The Dungeon just goes down and down forever."
Snikeer's ghost gestures at you while chanting.
The magic dart hits you!
A giant cockroach comes into view.
Snikeer's ghost points at you and mumbles some strange words.
The magic dart hits you!
Snikeer's ghost gestures at you while chanting.
The magic dart hits you!
You take 4 damage, and have 28/32 hp.
You closely miss Snikeer's ghost.
Snikeer's ghost gestures at you while chanting.
The magic dart hits you!
You take 4 damage, and have 24/32 hp.
You hit Snikeer's ghost.
Snikeer's ghost gestures at you while chanting.
The magic dart hits you!
Snikeer's ghost hits you but does no damage.
You take 7 damage, and have 17/32 hp.
MASSIVE DAMAGE!!
You closely miss Snikeer's ghost. Snikeer's ghost closely misses you.
You barely miss Snikeer's ghost.
Snikeer's ghost points at you and mumbles some strange words.
The magic dart hits you!
You take 5 damage, and have 12/32 hp.
You hit Snikeer's ghost.
Snikeer's ghost hits you but does no damage.
Some of the chunks of flesh in your inventory have rotted away.
You miss Snikeer's ghost.
Snikeer's ghost hits you but does no damage.
You closely miss Snikeer's ghost.
Snikeer's ghost hits you but does no damage.
You sock Snikeer's ghost!
Snikeer's ghost is bathed in the radiant lights of Iskenderun.
Snikeer's ghost hits you but does no damage.
Snikeer's ghost casts a spell at you. The magic dart hits you!
You take 2 damage, and have 10/32 hp.
You closely miss Snikeer's ghost.
Snikeer's ghost hits you but does no damage.
You sock Snikeer's ghost! Snikeer's ghost closely misses you.
You barely miss Snikeer's ghost.
Snikeer's ghost wails, "They lied to you.
The Dungeon just goes down and down forever."
Snikeer's ghost hits you but does no damage.
You barely miss Snikeer's ghost.
Snikeer's ghost hits you but does no damage.
You barely miss Snikeer's ghost. Snikeer's ghost hits you.
* * * LOW HITPOINT WARNING * * *
Snikeer's ghost hits you but does no damage.
You take 2 damage, and have 8/32 hp.
You hit Snikeer's ghost but do no damage.
Snikeer's ghost hits you.
* * * LOW HITPOINT WARNING * * *
You take 4 damage, and have 4/32 hp.
You closely miss Snikeer's ghost.
Snikeer's ghost hits you but does no damage.
You hit Snikeer's ghost.
Snikeer's ghost gestures at you while chanting.
The magic dart hits you!
You die...

#.# ..# #.# ### .. #.#
.. ... #.#.. .... #s#.#
....###W#.# ########
.......@..# #.......
..........# #.......
####....### ##.......
####....# ####........
...'....# #...........
####....## #.....######
###.....####.....######
..................##...#
.......................>


You could see Snikeer's ghost and a giant cockroach.

Vanquished Creatures
  Jessica (D:2)
  Terence (D:2)
  An ooze (D:2)
  A worm (D:2)
  3 dart slugs (D:1)
  3 leopard geckos
  8 orcs (D:3)
  6 bats
  3 giant cockroaches
  6 goblins
  8 hobgoblins
  3 jackals (D:3)
  A quokka (D:3)
  3 frilled lizards (D:1)
  8 kobolds
  7 rats
63 creatures vanquished.

Notes
Turn   | Place    | Note
-------+----------+-------------------------------------------
     0 | D:1      | Firecrotchwizard the Gargoyle Gladiator began the quest for the Orb.
     0 | D:1      | Reached XP level 1. HP: 12/12 MP: 1/1
     2 | D:1      | Noticed a merfolk
     2 | D:1      | Noticed a vampire
     4 | D:1      | Noticed a demonspawn
     4 | D:1      | Noticed a minotaur
     6 | D:1      | Noticed a human
     6 | D:1      | Noticed a formicid
     8 | D:1      | Noticed an elf
     8 | D:1      | Noticed a ghoul
    10 | D:1      | Noticed a troll
    12 | D:1      | Noticed a centaur
    12 | D:1      | Noticed a felid
    14 | D:1      | Noticed a spriggan
    16 | D:1      | Noticed a gargoyle
    18 | D:1      | Noticed a naga
    18 | D:1      | Noticed a demigod
    20 | D:1      | Noticed a draconian
    22 | D:1      | Noticed a tengu
    22 | D:1      | Noticed a dwarf
    24 | D:1      | Noticed a halfling
    24 | D:1      | Noticed an ogre
    26 | D:1      | Noticed a vine stalker
    26 | D:1      | Noticed an octopode
   253 | D:1      | Reached XP level 2. HP: 16/18 MP: 2/2
   486 | D:1      | Reached skill level 1 in Armour
   594 | D:1      | Reached XP level 3. HP: 22/22 MP: 3/3
   774 | D:2      | Noticed Jessica
   782 | D:2      | Killed Jessica
   782 | D:2      | Reached skill level 4 in Maces & Flails
   782 | D:2      | Reached XP level 4. HP: 13/27 MP: 4/4
   981 | D:2      | Reached skill level 3 in Fighting
   992 | D:2      | Noticed Terence
  1005 | D:2      | Killed Terence
  1005 | D:2      | Reached skill level 2 in Armour
  1476 | D:2      | Noticed Sigmund
  1836 | D:3      | Reached XP level 5. HP: 26/32 MP: 5/5
  2166 | D:3      | Noticed Snikeer's ghost (amateur DgWz)
  2183 | D:3      | HP: 8/32 [Snikeer's ghost (3)]
  2186 | D:3      | Killed from afar by Snikeer's ghost

Vault maps used:
D:1:      kb_arrival_jail
D:2:      uniq_jessica, uniq_sigmund, uniq_terence
D:3:      first_ration, st_stairs_13, minmay_rat_hole

Skill      XL: |  1  2  3  4 |
---------------+-------------+-----
Armour         | 1 2 |  2.3
Maces & Flails | 4 |  4.6
Fighting       | 3 |  3.4
Throwing       | |  1.7
Dodging        | |  2.4

Action                   |  1- 3 |  4- 6 || total
-------------------------+-------+-------++-------
Melee: Flail             |    78 |   131 ||   209
  Eat: Chunk             |       |     4 ||     4
Armor: Leather armour    |    30 |    10 ||    40
       Scale mail        |       |    85 ||    85
Dodge: Dodged            |    77 |    88 ||   165

Table legend:
 A = Spawn XP
 B = Non-spawn XP
 C = Spawn XP percentage of total XP
 D = Spawn monster count
 E = Non-spawn monster count
 F = Spawn count percentage of total count
 G = Total turns spent on level
                    A         B        C        D         E        F      G
               +---------+---------+-------+---------+---------+-------+---------
         Total |       0 |     202 |   0.0 |       0 |      63 |   0.0 |  2186
               +---------+---------+-------+---------+---------+-------+---------
           D:1 |       0 |      50 |   0.0 |       0 |      26 |   0.0 |   810
           D:2 |       0 |     111 |   0.0 |       0 |      20 |   0.0 |  1020
           D:3 |       0 |      41 |   0.0 |       0 |      17 |   0.0 |   356
               +---------+---------+-------+---------+---------+-------+---------

Vault maps used:
D:1:      kb_arrival_jail
D:2:      uniq_jessica, uniq_sigmund, uniq_terence
D:3:      first_ration, st_stairs_13, minmay_rat_hole

Table legend:
 A = Turns spent in this place as a percentage of turns spent in the entire game.
 B = Non-inter-level travel turns spent in this place as a percentage of non-inter-level travel turns spent in the entire game.
 C = Inter-level travel turns spent in this place as a percentage of turns spent in this place.
 D = Turns resting spent in this place as a percentage of non-inter-level travel turns spent in this place.
 E = Turns spent auto-exploring this place as a percentage of non-inter-level travel turns spent in this place.
 F = Non-inter-level travel turns spent in this place divided by the number of levels of this place that you've seen.
                   A       B       C       D       E      F
               +-------+-------+-------+-------+-------+----------------------
         Total | 100.0 | 100.0 |   3.0 |  28.7 |  50.4 | 706.7
       Dungeon | 100.0 | 100.0 |   3.0 |  28.7 |  50.4 | 706.7
               +-------+-------+-------+-------+-------+----------------------

Table legend:
 A = Kills in this place as a percentage of kills in entire the game.
 B = Kills by you in this place as a percentage of kills by you in the entire game.
 C = Kills by friends in this place as a percentage of kills by friends in the entire game.
 D = Other kills in this place as a percentage of other kills in the entire game.
 E = Experience gained in this place as a percentage of experience gained in the entire game.
 F = Experience gained in this place divided by the number of levels of this place that you have seen.
                   A       B       C       D       E      F
               +-------+-------+-------+-------+-------+----------------------
         Total | 100.0 | 100.0 |   N/A |   N/A | 100.0 |  67.3
       Dungeon | 100.0 | 100.0 |   N/A |   N/A | 100.0 |  67.3
               +-------+-------+-------+-------+-------+----------------------
